[Event "Titled Tuesday Blitz May 9 Early 2023"]
[White "Andreev, Konstantin"]
[Black "Butti, Enrique"]
[WhiteFideId "24239305"]
[BlackFideId "3700470"]
[WhiteElo "2106"]
[BlackElo "2080"]
[Result "1-0"]
[Round "01"]
[TimeControl "180+2"]
[Date "2023.05.09"]
[WhiteClock "0:00:20"]
[BlackClock "0:00:03"]

1. e4 c5 2. Nf3 d6 3. d4 cxd4 4. Nxd4 Nf6 5. Nc3 a6 6. h4 e5 7. Nb3 Be6 8. f4 exf4 9. Bxf4 Nc6 10. Qd2 Ne5 11. O-O-O Be7 12. Be2 Rc8 13. Qe3 Qc7 14. Kb1 Bc4 15. Qd2 Bxe2 16. Qxe2 Nc4 17. Nd5 Nxd5 18. exd5 O-O 19. c3 Rfe8 20. Qc2 Bf6 21. g4 b5 22. Nd4 Bxd4 23. Rxd4 b4 24. Rc1 Qb6 25. Ka1 a5 26. Qd3 Ne5 27. Bxe5 dxe5 28. Rc4 Rxc4 29. Qxc4 e4 30. cxb4 axb4 31. Qc6 Qd8 32. d6 Re6 33. Rd1 e3 34. Qc7 Re8 35. Qxd8 Rxd8 36. Kb1 Kf8 37. Kc2 Ke8 38. Re1 Rxd6 39. Rxe3+ Kd7 40. Re4 Rb6 41. Kb3 f6 42. Rxb4 Re6 43. a4 Re3+ 44. Kc4 Rh3 45. h5 Rg3 46. Kb5 1-0


[Site "https://www.chess.com"]

[Event "Titled Tuesday Blitz May 9 Early 2023"]
[White "Sousa, Andre Ventura"]
[Black "Sanchez, Robert"]
[WhiteFideId "1917617"]
[BlackFideId "2034360"]
[WhiteElo "2333"]
[BlackElo "1868"]
[Result "1-0"]
[Round "01"]
[TimeControl "180+2"]
[Date "2023.05.09"]
[WhiteClock "0:01:33"]
[BlackClock "0:00:44"]

1. e4 d5 2. exd5 Qxd5 3. Nc3 Qe6+ 4. Be2 Qg6 5. Bf3 Nc6 6. d4 Bf5 7. Bf4 O-O-O 8. d5 Nb4 9. Rc1 Bxc2 10. Qd4 Nd3+ 11. Kd2 Nxc1 12. Qxa7 e5 13. Bxe5 Bd6 14. Bxd6 Rxd6 15. Kxc1 Bd3 16. Nh3 Qh6+ 17. Kd1 Kd7 18. Qa4+ Kc8 19. Re1 Nf6 20. Qa8+ Kd7 21. Qxh8 1-0


[Site "https://www.chess.com"]

[Event "Titled Tuesday Blitz May 9 Early 2023"]
[White "Panico, Nick"]
[Black "Perera Alfonso, Rene Humberto"]
[WhiteFideId "2026724"]
[BlackFideId "3514722"]
[WhiteElo "1982"]
[BlackElo "2313"]
[Result "0-1"]
[Round "01"]
[TimeControl "180+2"]
[Date "2023.05.09"]
[WhiteClock "0:01:03"]
[BlackClock "0:02:02"]

1. d4 d5 2. Bf4 Nf6 3. e3 c5 4. Nf3 Nc6 5. Nbd2 e6 6. c3 Bd6 7. Bg3 Qe7 8. Ne5 Bxe5 9. dxe5 Nd7 10. Nf3 O-O 11. Bd3 f6 12. exf6 Nxf6 13. Ne5 Bd7 14. O-O Be8 15. Bc2 Bh5 16. Qd2 Rad8 17. Nxc6 bxc6 18. f3 e5 19. Qd3 Bg6 20. Qd2 Bh5 21. Qd3 c4 22. Qe2 c5 23. Rad1 Rfe8 24. Qf2 Qb7 25. Rfe1 Kh8 26. Bb1 a5 27. Bh4 Qf7 28. g4 Bg6 29. Bxg6 Qxg6 30. Bg3 h5 31. h3 Rd7 32. Kg2 Rf7 33. Bh4 hxg4 34. hxg4 Kg8 35. Bxf6 Rxf6 36. Rxd5 e4 37. Qh4 exf3+ 38. Kg3 f2 39. Rf1 Rxe3+ 40. Kg2 Qe4+ 41. Kh2 Qxd5 0-1


[Site "https://www.chess.com"]

[Event "Titled Tuesday Blitz May 9 Early 2023"]
[White "Jaracz, Pawel"]
[Black "Andreikin, Dmitry"]
[WhiteFideId "1102222"]
[BlackFideId "4158814"]
[WhiteElo "2438"]
[BlackElo "2736"]
[Result "0-1"]
[Round "02"]
[TimeControl "180+2"]
[Date "2023.05.09"]
[WhiteClock "0:01:45"]
[BlackClock "0:01:08"]

1. e4 c5 2. Nf3 e6 3. d4 cxd4 4. Nxd4 Nc6 5. Nc3 Qc7 6. Be3 a6 7. Qd2 Nf6 8. O-O-O Be7 9. f3 b5 10. Nxc6 dxc6 11. g4 e5 12. Qf2 Be6 13. h4 Nd7 14. g5 Qa5 15. Bh3 Bxh3 16. Rxh3 b4 17. Rxd7 bxc3 18. Bb6 Qb4 19. Rxe7+ Qxe7 20. Bc5 Qe6 21. Qh2 O-O-O 0-1


[Site "https://www.chess.com"]

[Event "Titled Tuesday Blitz May 9 Early 2023"]
[White "Korchmar, Vasiliy"]
[Black "Nakamura, Hikaru"]
[WhiteFideId "24131750"]
[BlackFideId "2016192"]
[WhiteElo "2370"]
[BlackElo "2885"]
[Result "0-1"]
[Round "02"]
[TimeControl "180+2"]
[Date "2023.05.09"]
[WhiteClock "0:00:00"]
[BlackClock "0:03:02"]

1. e4 c6 2. d4 g6 3. Nc3 d5 4. e5 Bg7 5. Be3 Nh6 6. Qd2 Nf5 7. Bf4 Qa5 8. O-O-O b5 9. Kb1 b4 10. Nce2 Nd7 11. Nf3 Nb6 12. Nc1 Nc4 13. Bxc4 dxc4 14. g4 c3 0-1


[Site "https://www.chess.com"]

[Event "Titled Tuesday Blitz May 9 Early 2023"]
[White "Bluebaum, Matthias"]
[Black "Weishaeutel, Moritz"]
[WhiteFideId "24651516"]
[BlackFideId "12967300"]
[WhiteElo "2639"]
[BlackElo "2301"]
[Result "1-0"]
[Round "02"]
[TimeControl "180+2"]
[Date "2023.05.09"]
[WhiteClock "0:00:35"]
[BlackClock "0:00:00"]

1. d4 Nf6 2. c4 c5 3. d5 b5 4. cxb5 a6 5. bxa6 g6 6. Nc3 Bg7 7. a7 Rxa7 8. e4 e6 9. Nf3 exd5 10. exd5 d6 11. Be2 O-O 12. O-O Na6 13. Nb5 Rd7 14. Bc4 Bb7 15. Qb3 Qa8 16. Rd1 Nb4 17. Nc3 Ba6 18. a3 Bxc4 19. Qxc4 Qa6 20. Qb3 Nd3 21. Nb5 Nxc1 22. Raxc1 Rb7 23. a4 Ra8 24. Rc4 Ne8 25. Qc2 Nc7 26. Nxc7 Rxc7 27. b3 Rb7 28. h3 Rab8 29. Rd3 Rb6 30. Re4 Qb7 31. Nd2 Rb4 32. Nc4 Rxb3 33. Rxb3 Qxb3 34. Re8+ Bf8 35. Qxb3 Rxb3 36. a5 Rb4 37. Nb6 Rb5 38. Nd7 Rxa5 39. Rxf8+ Kg7 40. Rc8 c4 41. Nb6 Rb5 42. Nxc4 Rxd5 43. g3 Rd1+ 44. Kg2 d5 45. Rd8 d4 46. Ne5 Re1 47. Nf3 Re7 48. Rxd4 Ra7 49. Rd6 h6 50. Rb6 Re7 51. h4 h5 52. Ng5 Rd7 53. Kf3 Re7 54. Rb4 Rd7 55. Rf4 Ra7 56. Rxf7+ Rxf7+ 57. Nxf7 Kxf7 58. Kf4 Kf6 59. f3 g5+ 60. hxg5+ Kg6 61. g4 h4 62. Ke3 Kxg5 63. Kf2 1-0


[Site "https://www.chess.com"]

[Event "Titled Tuesday Blitz May 9 Early 2023"]
[White "Carlsen, Magnus"]
[Black "Girya, Olga"]
[WhiteFideId "1503014"]
[BlackFideId "4195752"]
[WhiteElo "2852"]
[BlackElo "2263"]
[Result "1-0"]
[Round "02"]
[TimeControl "180+2"]
[Date "2023.05.09"]
[WhiteClock "0:00:59"]
[BlackClock "0:00:00"]

1. b3 d5 2. Bb2 Bf5 3. Nf3 e6 4. d3 h6 5. Nbd2 Nf6 6. e4 dxe4 7. dxe4 Nxe4 8. Nd4 Bb4 9. c3 Nxc3 10. Bxc3 Bxc3 11. Nxf5 Qxd2+ 12. Qxd2 Bxd2+ 13. Kxd2 exf5 14. Re1+ Kf8 15. Kc3 Nc6 16. Bb5 Ne7 17. Rd1 c6 18. Bc4 b5 19. Be2 Nd5+ 20. Kd4 Ke7 21. Kc5 Nc3 22. Rd3 Nxe2 23. Re1 Rhe8 24. Rxe2+ Kf8 25. Red2 Rac8 26. Rd7 Re5+ 27. Kb4 c5+ 28. Kxb5 c4+ 29. Kb4 a5+ 30. Ka3 cxb3 31. axb3 Rb8 32. R2d5 Rxd5 33. Rxd5 Rc8 34. Rxa5 g6 35. b4 Rc2 36. Rd5 Rxf2 37. b5 Rf1 38. Kb4 Rb1+ 39. Kc5 Ke7 40. b6 Ke6 41. Rd2 Rc1+ 42. Kb5 Rb1+ 43. Kc6 Rc1+ 44. Kb7 Rb1 45. Kc7 f4 46. b7 Ke5 47. Re2+ Kd4 48. Re7 f5 49. Re6 1-0


[Site "https://www.chess.com"]

[Event "Titled Tuesday Blitz May 9 Early 2023"]
[White "Ambartsumova, Karina"]
[Black "Martinez Alcantara, Jose Eduardo"]
[WhiteFideId "4166299"]
[BlackFideId "3805662"]
[WhiteElo "2240"]
[BlackElo "2711"]
[Result "0-1"]
[Round "02"]
[TimeControl "180+2"]
[Date "2023.05.09"]
[WhiteClock "0:00:00"]
[BlackClock "0:01:27"]

1. e4 c5 2. Nf3 d6 3. Bb5+ Nd7 4. c4 Nf6 5. O-O e6 6. Nc3 Be7 7. d4 cxd4 8. Nxd4 O-O 9. Ba4 Nb6 10. Bb3 Bd7 11. Nc2 Rc8 12. Ne3 Bc6 13. f3 a6 14. Bd2 Nbd7 15. Rc1 Ne5 16. Qe2 b6 17. f4 Ned7 18. Bc2 Bb7 19. b3 Qc7 20. Ng4 Rfd8 21. Nxf6+ Bxf6 22. Bb1 Re8 23. Kh1 g6 24. Qf2 Bg7 25. f5 Ne5 26. f6 Bf8 27. Qh4 Kh8 28. Bh6 Bxh6 29. Qxh6 Rg8 30. Rce1 g5 31. Ne2 Rg6 32. Qh5 Qd8 33. Rd1 Rxf6 34. Rxf6 Qxf6 35. Ng3 b5 36. Rxd6 bxc4 37. bxc4 Bc6 38. c5 Bb5 39. h3 Rxc5 40. Rd1 Rc8 41. Kh2 Qf4 42. Re1 Rc3 0-1


[Site "https://www.chess.com"]

[Event "Titled Tuesday Blitz May 9 Early 2023"]
[White "cryptoguru02"]
[Black "Bortnyk, Olexandr"]
[BlackFideId "14120828"]
[WhiteElo "2611"]
[BlackElo "2734"]
[Result "0-1"]
[Round "02"]
[TimeControl "180+2"]
[Date "2023.05.09"]
[WhiteClock "0:00:09"]
[BlackClock "0:00:23"]

1. d4 d6 2. c4 e5 3. dxe5 dxe5 4. Qxd8+ Kxd8 5. Nc3 Be6 6. b3 c6 7. e3 a5 8. g3 Kc7 9. Bg2 Na6 10. Bb2 f6 11. Nge2 h5 12. O-O h4 13. Rfd1 hxg3 14. hxg3 Nh6 15. Ne4 Nf7 16. Rac1 Nc5 17. Nxc5 Bxc5 18. Nc3 Ng5 19. Na4 Be7 20. f4 Nf7 21. Kf2 Rad8 22. Bc3 Bb4 23. Bxb4 axb4 24. Nc5 Bg4 25. Rxd8 Rxd8 26. Bf3 Bc8 27. Rd1 Rxd1 28. Bxd1 b6 29. Nd3 c5 30. Bh5 Nd6 31. fxe5 fxe5 32. Nxe5 Ne4+ 33. Kg2 Nc3 34. Bg6 Kd6 35. Nd3 Nxa2 36. Nf4 Bb7+ 37. Kf2 Nc1 38. Bc2 Ke5 39. Nd3+ Nxd3+ 40. Bxd3 Bc6 41. Bc2 b5 42. cxb5 Bxb5 43. Kf3 Bc6+ 44. Ke2 Be8 45. Kd2 Bf7 46. Kd3 Bg6+ 47. Kd2 Bxc2 48. Kxc2 Ke4 49. Kd2 Kf3 50. Kd3 Kxg3 51. Kc4 Kf3 52. Kxc5 g5 53. Kxb4 g4 54. Ka5 g3 55. b4 g2 56. b5 g1=Q 57. b6 Qg8 58. Ka6 Qa8+ 59. Kb5 Kxe3 60. Kc5 Qb7 61. Kd6 Qxb6+ 0-1


[Site "https://www.chess.com"]

[Event "Titled Tuesday Blitz May 9 Early 2023"]
[White "Kim, Sergey"]
[Black "Pranav, V"]
[WhiteFideId "13700570"]
[BlackFideId "25060783"]
[WhiteElo "2618"]
[BlackElo "2515"]
[Result "0-1"]
[Round "02"]
[TimeControl "180+2"]
[Date "2023.05.09"]
[WhiteClock "0:00:00"]
[BlackClock "0:00:59"]

1. d4 Nf6 2. c4 Nc6 3. d5 Ne5 4. e3 e6 5. Nc3 Bb4 6. Bd2 O-O 7. a3 Be7 8. Nf3 Nxf3+ 9. Qxf3 exd5 10. cxd5 d6 11. h3 Re8 12. Bd3 Bf8 13. O-O Nd7 14. Qg3 Ne5 15. Be2 c5 16. e4 Ng6 17. f4 a6 18. f5 Ne5 19. Bg5 f6 20. Be3 b5 21. h4 Bd7 22. h5 Kh8 23. h6 gxh6 24. Qh4 Qe7 25. Bh5 Reb8 26. Rae1 b4 27. axb4 Rxb4 28. Bc1 Nd3 29. Re3 Nxc1 30. Rxc1 Rxb2 31. Rg3 Bg7 32. Nd1 Rb4 33. Bf3 Bxf5 34. Nf2 Bg6 35. Re1 Rd4 36. Ng4 Re8 37. Nxh6 f5 0-1


[Site "https://www.chess.com"]

[Event "Titled Tuesday Blitz May 9 Early 2023"]
[White "Tang, Andrew"]
[Black "Veiga, Jose Francisco R P Neves"]
[WhiteFideId "2059630"]
[BlackFideId "1930087"]
[WhiteElo "2596"]
[BlackElo "2320"]
[Result "1-0"]
[Round "02"]
[TimeControl "180+2"]
[Date "2023.05.09"]
[WhiteClock "0:00:13"]
[BlackClock "0:00:13"]

1. d4 e6 2. Bf4 c5 3. e3 Nf6 4. Nf3 b6 5. Nc3 a6 6. d5 Bb7 7. e4 exd5 8. exd5 d6 9. a4 Be7 10. Bc4 O-O 11. O-O Nbd7 12. h3 Re8 13. Re1 Qc7 14. Qd3 Bf8 15. Rxe8 Nxe8 16. Re1 Nef6 17. g4 g6 18. g5 Nh5 19. Bh2 Bg7 20. h4 Ne5 21. Nxe5 Bxe5 22. Qf3 Re8 23. Re3 Bxh2+ 24. Kxh2 Rxe3 25. Qxe3 Qd7 26. Be2 Ng7 27. Ne4 Kh8 28. Nf6 Qf5 29. f4 Qxc2 30. Qe7 Ne6 31. Qe8+ 1-0


[Site "https://www.chess.com"]

[Event "Titled Tuesday Blitz May 9 Early 2023"]
[White "Wadsworth, Matthew J"]
[Black "Bok, Benjamin"]
[WhiteFideId "415804"]
[BlackFideId "1017063"]
[WhiteElo "2347"]
[BlackElo "2657"]
[Result "1/2-1/2"]
[Round "02"]
[TimeControl "180+2"]
[Date "2023.05.09"]
[WhiteClock "0:00:09"]
[BlackClock "0:00:03"]

1. Nf3 d5 2. g3 c6 3. Bg2 Bg4 4. c4 e6 5. cxd5 exd5 6. d3 Nf6 7. h3 Bh5 8. O-O Be7 9. Nc3 O-O 10. e4 Na6 11. g4 Bg6 12. Ne5 dxe4 13. dxe4 Nc5 14. Nxg6 hxg6 15. e5 Nfd7 16. f4 g5 17. b4 Ne6 18. f5 Nf4 19. Bxf4 gxf4 20. Qd4 Qb6 21. Qxb6 axb6 22. Rxf4 Nxe5 23. b5 Ra3 24. bxc6 bxc6 25. Ne4 f6 26. Rf2 Rfa8 27. g5 R8a4 28. g6 Kf8 29. Re2 Nf3+ 30. Bxf3 Rxf3 31. Rf1 Rxh3 32. Rfe1 Ra7 33. Nd6 Rg3+ 34. Kh2 Rg5 35. Nc8 Rc7 36. Nxe7 Rd7 37. Re6 c5 38. Rxb6 Rd2+ 39. Kh3 Rd3+ 40. Kh2 Rd2+ 41. Kh1 Rh5+ 42. Kg1 Rg5+ 43. Kf1 Rd8 44. Rc6 Rh5 45. Rc8 Rxc8 46. Nxc8 Rxf5+ 47. Ke2 Rg5 48. Nd6 Re5+ 49. Kd2 Rd5+ 50. Kc3 Rxd6 51. a4 Ra6 52. Ra1 Ke7 53. Kc4 f5 54. Kxc5 Kf6 55. a5 Kxg6 56. Kb5 Ra8 57. a6 f4 58. Kb6 Kf5 59. Kb7 Rf8 60. a7 f3 61. a8=Q Rxa8 62. Rxa8 g5 63. Rf8+ Ke4 64. Kc6 g4 65. Re8+ Kf4 66. Kd5 g3 67. Rf8+ Ke3 68. Re8+ Kd3 69. Rg8 g2 70. Rg3 Ke3 71. Ke5 Kf2 72. Kf4 g1=Q 73. Rxg1 Kxg1 74. Kxf3 1/2-1/2


[Site "https://www.chess.com"]

[Event "Titled Tuesday Blitz May 9 Early 2023"]
[White "Matlakov, Maxim"]
[Black "Tasev, Dejan"]
[WhiteFideId "4168003"]
[BlackFideId "936618"]
[WhiteElo "2666"]
[BlackElo "2244"]
[Result "0-1"]
[Round "02"]
[TimeControl "180+2"]
[Date "2023.05.09"]
[WhiteClock "0:00:03"]
[BlackClock "0:00:04"]

1. d4 Nf6 2. Nf3 e6 3. c3 b6 4. Bg5 Bb7 5. Nbd2 h6 6. Bxf6 Qxf6 7. e4 d6 8. Bb5+ c6 9. Bd3 Nd7 10. Qe2 a6 11. O-O-O Qe7 12. Kb1 g5 13. h4 g4 14. Ne1 h5 15. Nc2 Bg7 16. Nc4 d5 17. Nd2 b5 18. f3 a5 19. fxg4 hxg4 20. Qxg4 Bh6 21. exd5 Nf6 22. Qf3 Nxd5 23. Ne4 b4 24. c4 b3 25. axb3 Nb4 26. Nc5 O-O-O 27. Nxb4 axb4 28. Be4 Rxd4 29. Rxd4 Qxc5 30. Rhd1 f5 31. Bc2 Bg7 32. Rd7 Qe5 33. Rxg7 Qxg7 34. g3 Rg8 35. Qe3 Qf6 36. h5 Kc7 37. c5 Bc8 38. Qf4+ e5 39. Qxb4 Bb7 40. Rd6 Qg5 41. Qb6+ Kc8 42. Bd3 f4 43. Ba6 Bxa6 44. Rxc6+ Kd7 45. Rc7+ Ke8 46. Qb8+ Qd8 47. Qb6 Bd3+ 48. Kc1 Bf5 49. Qc6+ Kf8 50. Qh6+ Ke8 51. g4 Bxg4 52. Qc6+ Bd7 53. Qe6+ Bxe6 0-1


[Site "https://www.chess.com"]

[Event "Titled Tuesday Blitz May 9 Early 2023"]
[White "Aggelis, Nikolaos"]
[Black "Hakobyan, Aram"]
[WhiteFideId "4213220"]
[BlackFideId "13306677"]
[WhiteElo "2189"]
[BlackElo "2584"]
[Result "0-1"]
[Round "02"]
[TimeControl "180+2"]
[Date "2023.05.09"]
[WhiteClock "0:00:17"]
[BlackClock "0:00:28"]

1. c4 g6 2. g3 Bg7 3. Bg2 Nc6 4. Nf3 Nf6 5. b3 Ne4 6. d4 d5 7. Bb2 dxc4 8. bxc4 Bg4 9. e3 Ng5 10. h4 Nxf3+ 11. Bxf3 Bxf3 12. Qxf3 O-O 13. Nd2 e5 14. d5 e4 15. Nxe4 Bxb2 16. Rb1 Ne5 17. Qe2 Ba3 18. f4 Nd7 19. h5 Qe7 20. Ng5 Rfe8 21. Rb3 Nf8 22. hxg6 fxg6 23. e4 Bc5 24. e5 c6 25. Ne4 cxd5 26. Nf6+ Qxf6 27. exf6 Rxe2+ 28. Kxe2 Re8+ 29. Kd3 dxc4+ 30. Kxc4 b6 31. Kd5 Kf7 32. a4 Kxf6 33. a5 h5 34. axb6 axb6 35. Ra1 Rd8+ 36. Kc6 Ne6 37. Ra7 Nd4+ 38. Kc7 Re8 39. Rd3 Re7+ 40. Kb8 Nc6+ 41. Kc8 Nxa7+ 0-1


[Site "https://www.chess.com"]

[Event "Titled Tuesday Blitz May 9 Early 2023"]
[White "Terry, Renato"]
[Black "Gontcharov, Vladislav"]
[WhiteFideId "3803457"]
[BlackFideId "4123492"]
[WhiteElo "2575"]
[BlackElo "2420"]
[Result "1-0"]
[Round "02"]
[TimeControl "180+2"]
[Date "2023.05.09"]
[WhiteClock "0:00:19"]
[BlackClock "0:00:00"]

1. e4 e6 2. d4 d5 3. exd5 exd5 4. Nf3 Nc6 5. Bb5 Bd6 6. c4 dxc4 7. d5 a6 8. Ba4 b5 9. dxc6 bxa4 10. O-O Ne7 11. Qxa4 Rb8 12. a3 Bf5 13. Nbd2 c3 14. bxc3 O-O 15. Nd4 Bd3 16. Re1 Ng6 17. N2f3 h6 18. Rd1 Be4 19. Be3 Qf6 20. Qxa6 Ne5 21. Qe2 Nxf3+ 22. Nxf3 Bxc6 23. a4 Rfe8 24. a5 Qxc3 25. Rdc1 Bxf3 26. Qxf3 Qd3 27. a6 Ra8 28. a7 c5 29. Qg4 Be5 30. Ra4 Bd4 31. Bxd4 cxd4 32. h3 Qd2 33. Rd1 Re1+ 34. Rxe1 Qxe1+ 35. Kh2 Qe5+ 36. Qg3 f6 37. Qxe5 fxe5 38. Kg3 Kf7 39. Kf3 d3 40. Ke3 e4 41. f3 exf3 42. Kxf3 Ke6 43. Ke3 Kd5 44. Kxd3 Kc5 45. Ke4 g5 46. Kf5 Kb5 47. Ra1 Kb6 48. Kg6 Kb7 49. Kxh6 Rh8+ 50. Kg7 Ra8 51. g3 Kb6 52. h4 gxh4 53. gxh4 Kb7 54. h5 1-0


[Site "https://www.chess.com"]

[Event "Titled Tuesday Blitz May 9 Early 2023"]
[White "Maghsoodloo, Parham"]
[Black "Akash G"]
[WhiteFideId "12539929"]
[BlackFideId "5040299"]
[WhiteElo "2655"]
[BlackElo "2395"]
[Result "1-0"]
[Round "02"]
[TimeControl "180+2"]
[Date "2023.05.09"]
[WhiteClock "0:01:20"]
[BlackClock "0:00:08"]

1. d4 Nf6 2. c4 g6 3. Nc3 Bg7 4. e4 d6 5. f3 O-O 6. Be3 c5 7. Nge2 Nc6 8. d5 Ne5 9. Ng3 h5 10. Be2 e6 11. O-O a6 12. a4 exd5 13. cxd5 h4 14. Nh1 Nh5 15. f4 Nd7 16. Bxh5 gxh5 17. Qxh5 Re8 18. Nf2 Nf8 19. e5 dxe5 20. f5 e4 21. Bg5 f6 22. Bxh4 e3 23. Nfe4 Nh7 24. Rf3 Re5 25. Re1 b5 26. Bg3 Rxd5 27. Nxd5 Qxd5 28. Nd6 Bd7 29. Rfxe3 Bc6 30. Qe2 Ng5 31. h4 Nf7 32. Rd3 Qa2 33. Ra3 Qd5 34. Rd1 1-0


[Site "https://www.chess.com"]

[Event "Titled Tuesday Blitz May 9 Early 2023"]
[White "Domingo Nunez, Ruben"]
[Black "Sarana, Alexey"]
[WhiteFideId "22245570"]
[BlackFideId "24133795"]
[WhiteElo "2404"]
[BlackElo "2714"]
[Result "0-1"]
[Round "02"]
[TimeControl "180+2"]
[Date "2023.05.09"]
[WhiteClock "0:00:39"]
[BlackClock "0:00:48"]

1. d4 Nf6 2. Nf3 d5 3. g3 c6 4. Bg2 Bf5 5. O-O h6 6. c4 e6 7. b3 Nbd7 8. Bb2 Be7 9. Nc3 Ne4 10. Rc1 Ndf6 11. Na4 O-O 12. Ne5 Bh7 13. c5 Nd7 14. Nd3 Rc8 15. b4 b5 16. Nc3 Bf6 17. Nb1 Qc7 18. Qe1 e5 19. f3 Ng5 20. dxe5 Nxe5 21. Bxe5 Bxe5 22. f4 Bd4+ 23. Kh1 Ne4 24. e3 Bf6 25. Nd2 Bc3 26. Rxc3 Nxc3 27. f5 Rfe8 28. Nb3 Ne4 29. Nd4 Qe7 30. h4 Nf6 31. Nc2 Ng4 32. Rf3 Ne5 33. Nxe5 Qxe5 34. Nd4 Qxd4 35. exd4 Rxe1+ 0-1


[Site "https://www.chess.com"]

[Event "Titled Tuesday Blitz May 9 Early 2023"]
[White "Omranalhosani21"]
[Black "Shimanov, Aleksandr"]
[BlackFideId "4198603"]
[WhiteElo "2592"]
[BlackElo "2631"]
[Result "0-1"]
[Round "02"]
[TimeControl "180+2"]
[Date "2023.05.09"]
[WhiteClock "0:00:00"]
[BlackClock "0:00:21"]

1. e4 e6 2. d3 d5 3. Nd2 c5 4. Ngf3 Nc6 5. g3 Nf6 6. Bg2 Be7 7. O-O O-O 8. c3 b5 9. Re1 a5 10. e5 Nd7 11. Nf1 Qc7 12. Bf4 Bb7 13. h4 Rfc8 14. N1h2 Qd8 15. Qd2 b4 16. Ng4 Bf8 17. Bg5 Qe8 18. h5 h6 19. Bf4 a4 20. cxb4 Nxb4 21. a3 Nc6 22. Bxh6 gxh6 23. Nxh6+ Bxh6 24. Qxh6 Qf8 25. Qf4 Ba6 26. Rad1 Rab8 27. Rd2 Ne7 28. g4 c4 29. d4 c3 30. bxc3 Rxc3 31. Qg5+ Kh8 32. Nh4 Ng8 33. Qf4 Qg7 34. g5 Nf8 35. h6 Qh7 36. Bxd5 Bb7 37. Bxb7 Rxb7 38. Ng2 Rb1 39. Rxb1 Qxb1+ 40. Kh2 Qg6 0-1


[Site "https://www.chess.com"]

[Event "Titled Tuesday Blitz May 9 Early 2023"]
[White "Chigaev, Maksim"]
[Black "Piesik, Piotr"]
[WhiteFideId "4108116"]
[BlackFideId "1136194"]
[WhiteElo "2558"]
[BlackElo "2299"]
[Result "0-1"]
[Round "02"]
[TimeControl "180+2"]
[Date "2023.05.09"]
[WhiteClock "0:00:04"]
[BlackClock "0:00:22"]

1. Nf3 g6 2. e4 Bg7 3. d4 c6 4. h3 d6 5. Nc3 Nf6 6. Be2 O-O 7. O-O Nbd7 8. a4 e5 9. Bg5 Qc7 10. Re1 Re8 11. dxe5 dxe5 12. a5 Nc5 13. Bc4 Be6 14. Qe2 h6 15. Bh4 Nh5 16. Bg3 Nxg3 17. fxg3 b5 18. axb6 axb6 19. Kh2 b5 20. Qe3 Bxc4 21. Qxc5 Bf8 22. Qe3 b4 23. b3 Be6 24. Na4 Ra5 25. Qb6 Qxb6 26. Nxb6 Rb5 27. Ra6 Rc5 28. Re2 Rb5 29. Na4 Rc8 30. Nd2 Rb7 31. Re1 Kg7 32. Nb2 Bc5 33. Nd3 Bd4 34. Nf3 Bc3 35. Rf1 f6 36. Nc5 Re7 37. Nxe6+ Rxe6 38. Rd1 Rc7 39. g4 Kf7 40. Ra8 Re8 41. Ra6 g5 42. Rd3 Ke7 43. Kg1 Rd8 44. Rxd8 Kxd8 45. Kf2 Kd7 46. Ke2 Kd6 47. Nh2 Kc5 48. Nf1 Rd7 49. Ra8 Rd4 50. Ng3 Rd2+ 51. Kf3 Rxc2 52. Rf8 Bd4 53. Rxf6 Rf2# 0-1


[Site "https://www.chess.com"]

[Event "Titled Tuesday Blitz May 9 Early 2023"]
[White "Ismagilov, Damir"]
[Black "Demchenko, Anton"]
[WhiteFideId "34199982"]
[BlackFideId "4160258"]
[WhiteElo "2143"]
[BlackElo "2545"]
[Result "0-1"]
[Round "02"]
[TimeControl "180+2"]
[Date "2023.05.09"]
[WhiteClock "0:00:00"]
[BlackClock "0:00:15"]

1. d4 Nf6 2. c4 e6 3. Nf3 d5 4. Nc3 h6 5. Bf4 Bd6 6. Bxd6 Qxd6 7. e3 O-O 8. Rc1 a6 9. c5 Qe7 10. Be2 Nc6 11. O-O Rd8 12. a3 e5 13. dxe5 Nxe5 14. b4 c6 15. h3 Bf5 16. Nd4 Bh7 17. Re1 a5 18. Qb3 Ng6 19. Nf5 Qe5 20. Bd3 axb4 21. axb4 Nh4 22. f4 Qc7 23. Qc2 Nxf5 24. Bxf5 Bxf5 25. Qxf5 Qd7 26. Qxd7 Rxd7 27. Ra1 Re8 28. Kf2 Rde7 29. b5 g5 30. fxg5 hxg5 31. g4 Kg7 32. bxc6 bxc6 33. Re2 Nd7 34. Ra5 Re6 35. Na4 d4 36. e4 Nf6 37. Kf3 Nxe4 38. Re1 Nd2+ 0-1


[Site "https://www.chess.com"]

[Event "Titled Tuesday Blitz May 9 Early 2023"]
[White "Nguyen, Ngoc Truong Son"]
[Black "Yaniuk, Volodymyr"]
[WhiteFideId "12401110"]
[BlackFideId "14133083"]
[WhiteElo "2556"]
[BlackElo "2141"]
[Result "1-0"]
[Round "02"]
[TimeControl "180+2"]
[Date "2023.05.09"]
[WhiteClock "0:00:49"]
[BlackClock "0:00:00"]

1. d4 d5 2. Nf3 Nf6 3. c4 e6 4. Nc3 Bb4 5. Qa4+ Nc6 6. Bg5 h6 7. Bxf6 Qxf6 8. e3 O-O 9. Rc1 a6 10. Qc2 dxc4 11. Bxc4 e5 12. O-O exd4 13. Nd5 Qd6 14. exd4 Be6 15. Nxb4 Nxb4 16. Qb3 Nd5 17. Ne5 b5 18. Bxd5 Bxd5 19. Qc2 f6 20. Ng4 Qf4 21. Ne3 c6 22. Rfd1 Be4 23. Qe2 Rae8 24. Qg4 Qd6 25. Qg3 Qb4 26. f3 Bd5 27. Nf5 Re7 28. a3 1-0


[Site "https://www.chess.com"]

[Event "Titled Tuesday Blitz May 9 Early 2023"]
[White "Sahib Singh"]
[Black "Ter-Sahakyan, Samvel"]
[WhiteFideId "25618342"]
[BlackFideId "13302531"]
[WhiteElo "1934"]
[BlackElo "2545"]
[Result "1-0"]
[Round "02"]
[TimeControl "180+2"]
[Date "2023.05.09"]
[WhiteClock "0:00:45"]
[BlackClock "0:00:02"]

1. e4 c5 2. Nf3 e6 3. d4 cxd4 4. Nxd4 Nf6 5. Nc3 Nc6 6. Ndb5 d6 7. Bf4 e5 8. Bg5 a6 9. Na3 b5 10. Nd5 Be7 11. Bxf6 Bxf6 12. c3 Rb8 13. Nc2 Bg5 14. Bd3 O-O 15. O-O Be6 16. a3 Ne7 17. Nxe7+ Qxe7 18. a4 bxa4 19. Nb4 Bd7 20. Bxa6 Kh8 21. Bd3 d5 22. Nxd5 Qc5 23. Bc2 Rxb2 24. Bxa4 Be6 25. Rb1 Rfb8 26. Qc2 Qa3 27. Rxb2 Rxb2 28. Rb1 Rxb1+ 29. Qxb1 h5 30. Bb3 g6 31. g3 h4 32. Kg2 Kg7 33. gxh4 Bxh4 34. Qc2 Bg5 35. c4 Qc5 36. Qc3 f6 37. f3 Kh6 38. f4 exf4 39. Nxf6 Qe3 40. Ng4+ Bxg4 41. Qh8# 1-0


[Site "https://www.chess.com"]

[Event "Titled Tuesday Blitz May 9 Early 2023"]
[White "Pranesh M"]
[Black "brm72"]
[WhiteFideId "35028600"]
[WhiteElo "2437"]
[BlackElo "2584"]
[Result "0-1"]
[Round "02"]
[TimeControl "180+2"]
[Date "2023.05.09"]
[WhiteClock "0:00:03"]
[BlackClock "0:00:10"]

1. e4 c5 2. Nf3 d6 3. d4 cxd4 4. Nxd4 Nf6 5. Nc3 a6 6. Bd3 e5 7. Nde2 Be7 8. O-O Nc6 9. Ng3 Be6 10. Nd5 Nxd5 11. exd5 Bxd5 12. Nf5 Bf6 13. Bxa6 Rxa6 14. Qxd5 Ne7 15. Qxb7 Rb6 16. Qf3 O-O 17. Nxe7+ Bxe7 18. b3 d5 19. Rd1 d4 20. c3 Bf6 21. cxd4 exd4 22. Bb2 Re8 23. Rd2 Rbe6 24. g3 Qa5 25. Rdd1 Re4 26. Kg2 h5 27. h3 Qb4 28. Rac1 Re2 29. Rc4 Qa5 30. Bxd4 Bxd4 31. Rdxd4 Qxa2 32. Rd7 Rxf2+ 33. Qxf2 Re2 34. Rc8+ Kh7 35. Rxf7 Rxf2+ 36. Rxf2 Qxb3 37. Rc7 Qd5+ 38. Kh2 Qd4 39. Rcf7 Kh6 40. Rf8 g6 41. h4 Qc5 42. Kh3 Qd4 43. Re2 Qg4+ 44. Kh2 Qxe2+ 45. Kh3 Qe6+ 46. Kh2 Kg7 47. Rf2 Qe3 48. Rf4 g5 49. hxg5 Kg6 50. Kh3 Kxg5 51. Kh2 Qc5 52. Kh3 Qg1 53. Rf2 Qxf2 54. g4 hxg4# 0-1


[Site "https://www.chess.com"]